 Dungeon Crawl Stone Soup version 0.22.1-2-g9c5b331383 (webtiles) character file.

60 Knorr the Skirmisher (level 3, -3/29 HPs)
             Began as a Demonspawn Abyssal Knight on Dec 31, 2018.
             Was a Believer of Lugonu.
             Slain by an orc priest
             ... wielding a +0 flail
              (8 damage)
             ... on level 3 of the Dungeon.
             The game lasted 00:08:29 (2121 turns).

Knorr the Skirmisher (Demonspawn Abyssal Knight)    Turns: 2121, Time: 00:08:30

Health: -3/29      AC:  7    Str: 13    XL:     3   Next: 82%
Magic:  4/4        EV:  9    Int: 13    God:    Lugonu [**....]
Gold:   120        SH:  0    Dex: 12    Spells: 2/2 levels left

rFire    . . .     SeeInvis .   a - +1 falchion
rCold    . . .     Gourm    .   (no shield)
rNeg     . . .     Faith    .   n - +0 scale mail
rPois    .         Spirit   .   (no helmet)
rElec    .         Reflect  .   (no cloak)
rCorr    .         Harm     .   (no gloves)
MR       .....                  h - +0 pair of boots
Stlth    ..........             (no amulet)
HPRegen  0.09/turn              (no ring)
MPRegen  0.09/turn              (no ring)

@: no status effects
A: hooves 1, powered by death 1
a: Depart the Abyss, Bend Space, Renounce Religion


You were on level 3 of the Dungeon.
You worshipped Lugonu.
Lugonu was pleased with you.
You were not hungry.

You visited 1 branch of the dungeon, and saw 3 of its levels.
You visited the Abyss 1 time.

You collected 120 gold pieces.

Inventory:

Hand Weapons
 a - a +1 falchion (weapon)
Missiles
 g - 5 tomahawks (quivered)
 m - 4 stones
Armour
 h - a +0 pair of boots (worn)
 i - a cursed -2 plate armour
 n - a +0 scale mail (worn)
Scrolls
 b - a scroll of teleportation
 k - a scroll of amnesia
 l - a scroll of identify
Potions
 d - a potion of heal wounds
 e - a potion of haste {unknown}
 j - 2 potions of flight {unknown}
Comestibles
 c - a ration


   Skills:
 + Level 3.5 Fighting
 + Level 2.6 Long Blades
 + Level 2.1 Armour
 + Level 1.4 Dodging
 + Level 0.5 Stealth
 + Level 2.4 Invocations


You had 2 spell levels left.
You didn't know any spells.
Your spell library was empty.

Dungeon Overview and Level Annotations

Branches:
Dungeon (3/15)

Altars:


Innate Abilities, Weirdness & Mutations

You have large cloven feet.
You regenerate a little health from kills.


Message History

The orc priest hits you but does no damage.
You closely miss the orc priest.
The orc priest is lightly wounded.
The orc hits you but does no damage.
The orc priest looks satisfied for a moment.
You hit the orc priest.
The orc priest is heavily wounded.
The orc hits you but does no damage. The orc priest hits you with a flail.
You completely miss the orc priest.
The orc priest is moderately wounded.
The orc hits you but does no damage.
The orc priest mumbles some strange prayers to Beogh against you.
Beogh smites you!
* * * LOW HITPOINT WARNING * * *
You completely miss the orc priest.
The orc priest is moderately wounded.
The orc hits you with a falchion.
* * * LOW HITPOINT WARNING * * *
The orc priest hits you with a flail!
You die...

.........#.##.. ..
..###.#####.##.. #. #.#
#.##.. #. ..# ##'####
###.##.# # ##...## ...
..# .###.....##
#.##.###.##.......#
######.o......#.........
......o@......+.........
########...####.......<.
##.## ##.......# #.#
##.....## ###.# ##...##
#...# ##+## #.### #.#
#.# #.# #.# #########.##


You could see an orc priest and an orc.

Vanquished Creatures
  A worm (D:2)
  2 dart slugs
  A leopard gecko (D:2)
  3 orcs (D:3)
  A ball python (D:2)
  3 giant cockroaches (D:1)
  7 goblins
  7 hobgoblins
  2 quokkas (D:2)
  5 bats
  3 frilled lizards
  3 kobolds
  9 rats
47 creatures vanquished.

Notes
Turn   | Place    | Note
-------+----------+-------------------------------------------
     0 | Abyss:1  | Knorr the Demonspawn Abyssal Knight began the quest for the
                  | Orb.
     0 | Abyss:1  | Reached XP level 1. HP: 18/18 MP: 2/2
     3 | D:1      | Escaped the Abyss
   341 | D:1      | Reached skill level 1 in Dodging
   349 | D:1      | Gained mutation: You have large cloven feet. [demonic
                  | ancestry]
   349 | D:1      | Reached XP level 2. HP: 19/24 MP: 3/3
   425 | D:1      | Reached * piety under Lugonu
  1056 | D:2      | Gained mutation: You regenerate a little health from kills.
                  | [demonic ancestry]
  1056 | D:2      | Reached XP level 3. HP: 29/29 MP: 4/4
  2000 | D:3      | Reached ** piety under Lugonu
  2121 | D:3      | Slain by an orc priest

Skill      XL: |  1  2  3 |
---------------+----------+-----
Dodging        | 1 |  1.4
Long Blades    | 2 |  2.6
Armour         | 2 |  2.1
Fighting       | |  3.5
Stealth        | |  0.5
Invocations    | |  2.4

Action                   || total
-------------------------++-------
Melee: Falchion          ||   131
       Kick              ||    18
Throw: Tomahawk          ||     1
Invok: Depart the Abyss  ||     1
       Bend Space        ||     1
  Use: Scroll            ||     3
  Eat: Chunk             ||     3
       Ration            ||     1
Armor: Leather armour    ||    35
       Scale mail        ||     9
       Ring mail         ||     7
Dodge: Dodged            ||    71
       Rpst.: Falchion   ||    26
